 Dungeon Crawl Stone Soup version 0.30-a0-721-ga6a225cb13 (webtiles) character file.

Game seed: 1626307733418181700

933 kae the Firebug (level 8, -4/85 HPs)
             Began as a Hill Orc Fire Elementalist on Jan 27, 2023.
             Slain by a wraith (5 damage)
             ... on level 5 of the Dungeon.
             The game lasted 00:04:05 (4641 turns).

kae the Firebug (Hill Orc Fire Elementalist)        Turns: 4641, Time: 00:04:06

Health: -4/85      AC:  3    Str:  8    XL:     8   Next: 11%
Magic:  12/12      EV: 12    Int: 17    God:
Gold:   218        SH:  0    Dex: 14    Spells: 3/13 levels left

rFire   . . .      SeeInvis .    t - +2 whip (venom)
rCold   + . .      Faith    .    (no shield)
rNeg    . . .      Spirit   .    a - +1 robe
rPois   +          Reflect  .    (no helmet)
rElec   .          Harm     .    (no cloak)
rCorr   .          Rampage  .    (no gloves)
Will    +....                    (no boots) Stlth
                                 e - amulet of magic regeneration
HPRegen 0.34/turn                d - ring of willpower
MPRegen 0.53/turn                q - ring of the King {rPois rC+ Str-3 Dex+3}

@: mighty, berserking (expiring), hasted and slowed
A: no striking features
a: no special abilities


You were on level 5 of the Dungeon.
You visited 1 branch of the dungeon, and saw 5 of its levels.

You collected 218 gold pieces.


   Skills:
 - Level 1.5 Dodging
 - Level 1.5 Stealth
 + Level 3.2 Spellcasting
 * Level 5.5 Conjurations
 - Level 2.0 Hexes
 * Level 6.9 Fire Magic


You had 3 spell levels left.
You knew the following spells:

 Your Spells              Type           Power      Damage    Failure   Level
a - Foxfire               Conj/Fire      92%        2x1d8     1%          1
b - Scorch                Fire           52%        2d8       1%          2
c - Inner Flame           Hex/Fire       17%        N/A       9%          3
d - Flame Wave            Conj/Fire      23%        2d8       13%         4

Your spell library contained the following spells:

 Spells                   Type           Power      Damage    Failure   Level
 Magic Dart               Conj           84%        1d7       1%          1
 Searing Ray              Conj           42%        2d6       2%          2
 Static Discharge         Conj/Air       24%        2-3/arc   9%          2
 Sting                    Tmut/Pois      8%         1d3       17%         1
 Kindle Blastsparks       Fire/Tloc/Air  20%        2d11      21%         3
 Mephitic Cloud           Conj/Pois/Air  8%         N/A       24%         3
 Call Imp                 Summ           2%         N/A       26%         2
 Lesser Beckoning         Tloc           4%         N/A       26%         2
 Poisonous Vapours        Pois/Air       4%         N/A       26%         2
 Gell's Gravitas          Tloc           2%         N/A       45%         3
 Teleport Other           Tloc           2%         N/A       45%         3
 Vhi's Electric Charge    Tloc/Air       4%         N/A       45%         3
 Fulminant Prism          Conj/Hex       7%         3d7       36%         4
 Arcjolt                  Conj/Air       6%         1d16      83%         5
 Lightning Bolt           Conj/Air       6%         1d18      83%         5
 Olgreb's Toxic Radiance  Pois           2%         N/A       86%         4

Inventory:

Hand Weapons
 g - a +0 whip
   (You took it off a kobold on level 1 of the Dungeon)
 t - a +2 whip of venom (weapon)
   (You took it off a kobold on level 3 of the Dungeon)
Missiles
 c - a throwing net {=f!f}
 f - 50 stones
 j - 5 atropa-tipped darts
 k - 2 poisoned darts
 o - 4 curare-tipped darts {=f}
 p - 6 boomerangs
Armour
 a - a +1 robe (worn)
Jewellery
 d - a ring of willpower (left hand)
   (You found it on level 2 of the Dungeon)
 e - an amulet of magic regeneration (around neck)
   (You found it on level 1 of the Dungeon)
 q - the ring of the King (right hand) {rPois rC+ Str-3 Dex+3}
   (You found it on level 4 of the Dungeon)

   [ring of protection from cold]

   Str:       It affects your strength (-3).
   Dex:       It affects your dexterity (+3).
   rC:        It protects you from cold.
   rPois:     It protects you from poison.
 C - a ring of ice
   (You found it on level 2 of the Dungeon)
Scrolls
 i - 2 scrolls of identify {@r1}
 r - a scroll of poison {!r}
Potions
 b - 3 potions of magic
 h - a potion of might
 n - a potion of curing {@q1}

Dungeon Overview and Level Annotations

Branches:
Dungeon (5/15) Zot: 25358
 Temple: D:4-7

Altars:
Dithmenos
The Shining One

Shops:
D:2 [

Annotations:
D:5 2 runed translucent doors, Sigmund

#...##.#...# .......
.......#..... ....... @....#.
.......# ... ##..> .......
....#### #######... ....).#
.#..#~~~ ~~~~~#...# ##.....#
....+~~~ ~~~~+...# #.....###
....#w~~~ ~~Sr#.{.###........
....####### #.5W...........
..........#####.@#....†....#
.............#..##....†......
..#......#...................
..#.....####.....#...........
##......#.....#.###..........
#.##........##.##...........
##.......................#...
#.......#................#...
........#.........##...#...


You could see a wraith, an ufetubus and a quokka.


Message History

Here: a wraith The floor.
Okay, then.
Okay, then.
You feel yourself speed up.
Okay, then. 😕 MP[+1]
Okay, then. 😕 HP[+1]
An ufetubus comes into view.
The vampire mosquito attacks as you move away!
The vampire mosquito misses you. 😕 MP[+1]
The ufetubus shouts!
You feel very mighty all of a sudden. The vampire mosquito bites you.
The vampire mosquito draws strength from your injuries!
The vampire mosquito closely misses you. 😕 HP[-3]
You take 3 damage, and now have 38/50 hp.
Really quaff
m - a potion of berserk rage {!q}?
A red film seems to cover your vision as you go berserk!
You feel yourself moving faster!
You feel mighty! The vampire mosquito bites you!
The vampire mosquito draws strength from your injuries! 😮 HP[+12] MP[+1]
You now have 75 max hp (+25).
You regained 12 hp, and now have 50/75 hp.
Your mp is fully restored (11).
You whack the vampire mosquito! The vampire mosquito misses you.
You miss the vampire mosquito. The vampire mosquito bites you.
The vampire mosquito draws strength from your injuries!
The vampire mosquito bites you.
The vampire mosquito draws strength from your injuries!
The ufetubus hits you. x2
* * * LOW HITPOINT WARNING * * *
😨 HP[-13]
You take 13 damage, and now have 37/75 hp.
You whack the vampire mosquito! The vampire mosquito barely misses you.
The ufetubus hits you.
* * * LOW HITPOINT WARNING * * *
The ufetubus hits you.
* * * LOW HITPOINT WARNING * * *
😨 HP[-5]
You take 5 damage, and now have 32/75 hp.
You closely miss the vampire mosquito.
Sigmund shouts!
The vampire mosquito closely misses you.
The ufetubus misses you. The ufetubus closely misses you.
The vampire mosquito bites you!
* * * LOW HITPOINT WARNING * * *
The vampire mosquito draws strength from your injuries! 😨 HP[-7]
You take 7 damage, and now have 25/75 hp.
You whack the vampire mosquito! The vampire mosquito misses you.
The ufetubus misses you. x2
Unknown command.
You whack the vampire mosquito!
You destroy the vampire mosquito!
The ufetubus misses you. The ufetubus barely misses you.
You have reached level 8! 😨 HP[+4] MP[+1]
You now have 85 max hp (+10).
You regained 4 hp, and now have 29/85 hp.
Your mp is fully restored (12).
You miss the ufetubus. The ufetubus closely misses you.
The ufetubus misses you.
Sigmund gestures wildly while chanting.
Sigmund flickers and vanishes!
Deactivating autopickup; reactivate with Ctrl-A.
You whack the wraith!
The ufetubus hits you but does no damage.
The ufetubus hits you.
* * * LOW HITPOINT WARNING * * *
The wraith hits you!
* * * LOW HITPOINT WARNING * * *
😱 HP[-10]
You take 10 damage, and now have 19/85 hp.
You closely miss the wraith. The ufetubus closely misses you. x2
The wraith closely misses you. The ufetubus closely misses you.
The ufetubus barely misses you. 😱 HP[+1]
You completely miss the wraith. The ufetubus barely misses you. x2
Unknown command.
You hit the wraith but do no damage. The wraith hits you!
* * * LOW HITPOINT WARNING * * *
The wraith drains your vigour!
You feel yourself slow down. The ufetubus hits you.
* * * LOW HITPOINT WARNING * * *
The ufetubus completely misses you. 😱 HP[-15]
You take 15 damage, and now have 5/85 hp.
You hit the wraith but do no damage. The ufetubus closely misses you.
The ufetubus hits you.
* * * LOW HITPOINT WARNING * * *
Something hits you.
* * * LOW HITPOINT WARNING * * *
The wraith hits you.
You die...

Skill      XL: |  1  2  3  4  5  6  7 |
---------------+----------------------+-----
Conjurations   | 2 3 4 5 |  5.5
Fire Magic     | 4 5 6 |  6.9
Spellcasting   | 2 3 |  3.2
Hexes          | 1 2 |  2.0
Dodging        | |  1.5
Stealth        | |  1.5

Action                     |  1- 3 |  4- 6 |  7- 9 || total
---------------------------+-------+-------+-------++-------
  Melee: Unarmed           |     1 |       |       ||     1
         Whip              |    14 |       |    12 ||    26
         Punch             |     1 |       |       ||     1
   Cast: Foxfire           |    64 |    92 |    39 ||   195
         Scorch            |     2 |    26 |    13 ||    41
         Inner Flame       |       |     1 |     1 ||     2
    Use: Scroll            |     6 |     5 |     2 ||    13
         Potion            |       |     1 |     3 ||     4
 Armour: Robe              |     7 |     8 |     3 ||    18
  Dodge: Dodged            |    18 |    20 |    36 ||    74

Levels and vault maps discovered:
D:1:      dpeg_arrival_boxorama, layout_basic, nicolae_hexahallways,
          dk_noncrumbling_4, minmay_misc_feat_more_columns, serial_bayou_pond_b,
          serial_bayou_pond_c
D:2:      layout_basic, basic_altar, dilly_ecumenical_altar_fadedgnrine,
          serial_shops, shop, minmay_cupped
D:3:      minmay_razor_zed, layout_loops_ring, hangedman_decor_clover_reticule,
          minmay_misc_feat_tower, uniq_grinder
D:4:      layout_layer_cave, overflow_temple_1_default
D:5:      layout_cave_pools, mainiacjoe_overflow_tiny_flanked,
          kiku_gazebo_garden_becter, minmay_temple_entry_mini_moons,
          ebering_ghost_sewer_f, minmay_manual_mandibuliform, uniq_menkaure,
          uniq_sigmund

Notes
Turn   | Place    | Note
-------+----------+-------------------------------------------
     0 | D:1      | kae the Hill Orc Fire Elementalist began the quest for the
                  | Orb.
     0 | D:1      | Reached XP level 1. HP: 14/14 MP: 3/3
    11 | D:1      | magus.rc [v1.11.3]
   305 | D:1      | Reached XP level 2. HP: 20/20 MP: 0/4
   662 | D:1      | You pick up a book of Conjurations and begin reading...
   662 | D:1      | You add the spells Magic Dart, Searing Ray and Fulminant
                  | Prism to your library.
   860 | D:1      | Reached XP level 3. HP: 23/26 MP: 2/5
   863 | D:1      | Learned a level 2 spell: Scorch
  1187 | D:1      | You add the spells Sting, Poisonous Vapours and Olgreb's
                  | Toxic Radiance to your library.
  1368 | D:2      | Reached skill level 2 in Conjurations
  1464 | D:2      | Reached skill level 4 in Fire Magic
  1518 | D:2      | Found a glowing golden altar of the Shining One.
  1537 | D:2      | Reached skill level 2 in Spellcasting
  1609 | D:2      | You pick up a book of Lightning and begin reading...
  1609 | D:2      | You add the spells Static Discharge, Vhi's Electric Charge,
                  | Lightning Bolt and Arcjolt to your library.
  1718 | D:2      | Reached XP level 4. HP: 33/33 MP: 4/7
  1733 | D:2      | Learned a level 3 spell: Inner Flame
  1828 | D:2      | You pick up a book of Displacement and begin reading...
  1828 | D:2      | You add the spells Lesser Beckoning, Gell's Gravitas and
                  | Teleport Other to your library.
  1829 | D:2      | Found Afeseip's Armour Shop.
  1942 | D:2      | Found a faded altar of an unknown god.
  2135 | D:3      | Noticed Grinder
  2179 | D:3      | Killed Grinder
  2180 | D:3      | Reached skill level 3 in Conjurations
  2180 | D:3      | Reached skill level 1 in Hexes
  2180 | D:3      | Reached skill level 5 in Fire Magic
  2180 | D:3      | Reached XP level 5. HP: 38/38 MP: 5/8
  2180 | D:3      | Reached XP level 6. HP: 45/45 MP: 5/9
  2427 | D:3      | HP: 11/45 [poisoned by an adder]
  2432 | D:3      | HP: 5/45 [poisoned by an adder]
  3315 | D:4      | Reached skill level 4 in Conjurations
  3386 | D:4      | Identified the +5 spear "Icvabryt" {pain, Will+}
  3448 | D:4      | Reached skill level 2 in Hexes
  3577 | D:4      | HP: 7/45 [orc priest/divine providence (16)]
  3580 | D:4      | Reached XP level 7. HP: 33/50 MP: 8/11
  3890 | D:4      | Reached skill level 6 in Fire Magic
  4103 | D:4      | Found a shadowy altar of Dithmenos.
  4109 | D:4      | Identified the ring of the King {rPois rC+ Str-3 Dex+3}
  4444 | D:5      | Entered Level 5 of the Dungeon
  4451 | D:5      | Noticed Sigmund
  4471 | D:4      | Learned a level 4 spell: Flame Wave
  4532 | D:5      | Reached skill level 3 in Spellcasting
  4554 | D:5      | Found a runed translucent door.
  4583 | D:5      | You pick up a book of Minor Magic and begin reading...
  4583 | D:5      | You add the spells Call Imp and Mephitic Cloud to your
                  | library.
  4599 | D:5      | Found a runed translucent door.
  4616 | D:5      | Reached skill level 5 in Conjurations
  4618 | D:5      | Noticed a wraith
  4620 | D:5      | Noticed a vampire mosquito
  4635 | D:5      | Killed a vampire mosquito
  4636 | D:5      | Reached XP level 8. HP: 29/57 MP: 12/12
  4637 | D:5      | HP: 19/85 [wraith (8)]
  4640 | D:5      | HP: 7/85 [wraith (13)]
  4641 | D:5      | HP: 1/85 [something (4)]
  4641 | D:5      | Slain by a wraith

Vanquished Creatures
  Grinder (D:3)
  A vampire mosquito (D:5)
  A black bear (D:4)
  A bullfrog (D:5)
  4 orc priests (D:4)
  A jelly (D:5)
  2 orc wizards
  2 iguanas
  4 adders
  3 gnolls (D:5)
  2 worms
  4 dart slugs
  21 orcs
  6 ball pythons
  3 bats
  12 endoplasms
  7 giant cockroaches
  8 goblins
  4 hobgoblins
  A jackal (D:3)
  2 quokkas
  2 frilled lizards (D:3)
  12 kobolds
  4 rats
108 creatures vanquished.

Vanquished Creatures (collateral kills)
  4 foxfires (D:1)
4 creatures vanquished.

Vanquished Creatures (others)
  321 foxfires
  3 plants (D:1)
324 creatures vanquished.

Grand Total: 436 creatures vanquished

Table legend:
 A = Non-vault XP
 B = Vault XP
 C = Vault XP percentage of total XP
 D = Non-vault monster count
 E = Vault monster count
 F = Vault count percentage of total count
                 A         B        C        D         E       F
            +---------+---------+-------+---------+---------+-------
      Total |     830 |     503 |  37.7 |      88 |      20 |  18.5
            +---------+---------+-------+---------+---------+-------
        D:1 |      30 |      10 |  25.0 |      16 |       5 |  23.8
        D:2 |      52 |       0 |   0.0 |      13 |       0 |   0.0
        D:3 |      90 |     316 |  77.8 |      25 |      14 |  35.9
        D:4 |     447 |       0 |   0.0 |      28 |       0 |   0.0
        D:5 |     211 |     177 |  45.6 |       6 |       1 |  14.3
            +---------+---------+-------+---------+---------+-------

Illustrated notes

Table legend:
 A = Kills in this place as a percentage of kills in entire the game.
 B = Kills by you in this place as a percentage of kills by you in the entire game.
 C = Kills by friends in this place as a percentage of kills by friends in the entire game.
 D = Other kills in this place as a percentage of other kills in the entire game.
 E = Experience gained in this place as a percentage of experience gained in the entire game.
 F = Experience gained in this place divided by the number of levels of this place that you have seen.
                   A       B       C       D       E      F
               +-------+-------+-------+-------+-------+----------------------
         Total | 100.0 | 100.0 |   N/A |   N/A | 100.0 | 266.6
       Dungeon | 100.0 | 100.0 |   N/A |   N/A | 100.0 | 266.6
               +-------+-------+-------+-------+-------+----------------------

Table legend: (Time is in decaauts)
 A = Elapsed time spent in this place.
 B = Non-inter-level travel time spent in this place.
 C = Inter-level travel time spent in this place.
 D = Time resting spent in this place.
 E = Time spent auto-exploring this place.
 F = Levels seen in this place.
 G = Mean time per level.
                   A        B        C        D        E       F      G
               +--------+--------+--------+--------+--------+-----+--------+
         Total |   4640 |   4439 |    201 |     71 |   3596 |   5 |  928.0 |
       Dungeon |   4640 |   4439 |    201 |     71 |   3596 |   5 |  928.0 |
               +--------+--------+--------+--------+--------+-----+--------+

Top non-repeatable levels by time:
     D:1: 1303 daAuts
     D:4: 1286 daAuts
     D:3: 1241 daAuts
     D:2: 688 daAuts
     D:5: 120 daAuts
